 Dungeon Crawl Stone Soup version 0.25-a0-464-g3004169 (webtiles) character file.

Game seed: 9379743798138724167, levelgen mode: deterministic

27 15 the Chiller (level 3, 16/26 HPs)
             Began as a Barachi Ice Elementalist on Feb 3, 2020.
             Quit the game on level 1 of the Dungeon.
             The game lasted 00:06:04 (518 turns).

15 the Chiller (Barachi Ice Elementalist)            Turns: 518, Time: 00:06:05

Health: 16/26      AC:  2    Str: 10    XL:     3   Next: 10%
Magic:  6/6        EV: 12    Int: 15    God:
Gold:   13         SH:  0    Dex: 12    Spells: 2/6 levels left

rFire    . . .     SeeInvis .   e - +0 dagger
rCold    . . .     Gourm    .   (no shield)
rNeg     . . .     Faith    .   a - +0 robe
rPois    .         Spirit   .   (no helmet)
rElec    .         Reflect  .   (no cloak)
rCorr    .         Harm     .   (no gloves)
MR       .....                  (no boots)
Stlth    ++........             (no amulet)
HPRegen  0.08/turn              (no ring)
MPRegen  0.10/turn              (no ring)

@: slow
A: +LOS, swims, slowness 1, strong legs 1
a: Hop


You were on level 1 of the Dungeon.
You were not hungry.

You visited 1 branch of the dungeon, and saw 1 of its levels.

You collected 13 gold pieces.

Inventory:

Hand Weapons
 b - a +0 spear
 e - a +0 dagger (weapon)
Missiles
 d - 2 javelins (quivered)
Armour
 a - a +0 robe (worn)
Scrolls
 g - a scroll of immolation {unknown}
 i - a scroll of identify {unknown}
Potions
 h - a potion of heal wounds {unknown}
Comestibles
 c - 3 rations
 f - 5 chunks of flesh


   Skills:
 * Level 1.4 Fighting
 * Level 1.2 Armour
 * Level 2.3 Dodging
 + Level 1.8 Stealth
 + Level 2.2 Spellcasting
 * Level 5.2 Ice Magic


You had 2 spell levels left.
You knew the following spells:

 Your Spells              Type           Power        Failure   Level  Hunger
a - Freeze                Ice            ###.         2%          1    #......
b - Ozocubu's Armour      Chrm/Ice       #.......     22%         3    ###....

Your spell library contained the following spells:

 Spells                   Type           Power        Failure   Level  Hunger
 Hailstorm                Conj/Ice       #.......     58%         4    #####..
 Summon Ice Beast         Ice/Summ       #.......     58%         4    #####..


Dungeon Overview and Level Annotations

Branches:
Dungeon (1/15)

Altars:


Innate Abilities, Weirdness & Mutations

You can be seen from farther away. (+LOS)
You can swim through water.
You cover ground slowly.
You can hop short distances.


Message History

The hobgoblin hits you with a +0 club.
You hit the hobgoblin.
The hobgoblin is severely wounded.
The hobgoblin hits you with a +0 club.
You barely miss the hobgoblin.
The hobgoblin is severely wounded.
The hobgoblin hits you with a +0 club.
You hit the hobgoblin.
You kill the hobgoblin!
Things that are here:
a +0 club; a hobgoblin corpse
Things that are here:
a +0 club; a hobgoblin corpse You butcher the hobgoblin corpse.
f - 5 chunks of flesh (gained 2)
Things that are here:
a +0 club; a hobgoblin skeleton
Okay, then.
Okay, then.
Are you sure you want to abandon this character and quit the game? (Confirm with "yes".)

#....##.....##..###..##.####.#.##
#......<.#####.....###.# #.....
#...#....# ####.## #.# ###.## ##.
#.#### ##.# #.# #.# ## #.###.##
#.# ##......# #.# #..###..#####.#
#..#######.#####.......#
#......@.....###.....##
############...##....#
###.)#....### ##.........
##########


There were no monsters in sight!

Vanquished Creatures
  An ooze (D:1)
  A leopard gecko (D:1)
  A ball python (D:1)
  3 bats (D:1)
  4 goblins (D:1)
  3 hobgoblins (D:1)
  4 frilled lizards (D:1)
  2 kobolds (D:1)
  3 rats (D:1)
22 creatures vanquished.

Notes
Turn   | Place    | Note
-------+----------+-------------------------------------------
     0 | D:1      | 15 the Barachi Ice Elementalist began the quest for the
                  | Orb.
     0 | D:1      | Reached XP level 1. HP: 13/13 MP: 3/3
    50 | D:1      | Reached skill level 1 in Fighting
   108 | D:1      | Reached skill level 5 in Ice Magic
   108 | D:1      | Reached XP level 2. HP: 17/21 MP: 1/5
   348 | D:1      | Reached skill level 1 in Armour
   426 | D:1      | Reached XP level 3. HP: 23/26 MP: 3/6
   436 | D:1      | Learned a level 3 spell: Ozocubu's Armour
   518 | D:1      | Quit the game

Levels and vault maps discovered:
D:1:      dpeg_arrival_round_c, layout_rooms, minmay_tripent

Skill      XL: |  1  2 |
---------------+-------+-----
Fighting       | 1 |  1.4
Ice Magic      | 5 |  5.2
Armour         | 1 |  1.2
Dodging        | |  2.3
Stealth        | |  1.8
Spellcasting   | |  2.2

Action                   || total
-------------------------++-------
Melee: Dagger            ||    33
       Unarmed           ||    12
Throw: Javelin           ||     1
 Cast: Freeze            ||    25
       Ozocubu's Armour  ||     1
 Abil: Hop               ||     1
Armor: Robe              ||    12
Dodge: Dodged            ||    44

Table legend:
 A = Non-vault XP
 B = Vault XP
 C = Vault XP percentage of total XP
 D = Non-vault monster count
 E = Vault monster count
 F = Vault count percentage of total count
                 A         B        C        D         E       F
            +---------+---------+-------+---------+---------+-------
      Total |      37 |       2 |   5.1 |      20 |       2 |   9.1
            +---------+---------+-------+---------+---------+-------
        D:1 |      37 |       2 |   5.1 |      20 |       2 |   9.1
            +---------+---------+-------+---------+---------+-------
